Hurricanes vs Senators

Created - Friday, February 19, 2016 at 03:00

Goals
1 2 3 T
Hurricanes 0 1 0 1
Senators 1 2 1 4
Shots
1 2 3 T
Hurricanes 7 9 4 20
Senators 8 12 3 23

1st period

1. Senators , Dave Bolland 9 (Michael Grabner, Kyle Chipchura) at 4:16

Penalties :
Dion Phaneuf (Ott) for Hooking (Minor) at 0:43, Dion Phaneuf (Ott) for Roughing (Minor) at 16:32

2nd period

2. Hurricanes , Kris Versteeg 15 (Jiri Hudler, Eric Staal) at 15:44 (PP)
3. Senators , Kyle Turris 20 (Phil Kessel) at 18:06 (PP)
4. Senators , Phil Kessel 37 (Zach Bogosian, Kyle Turris) at 18:18

Penalties :
Marco Scandella (Car) for Hooking (Minor) at 1:00, Marco Scandella (Car) for Interference (Minor) at 7:22, Kyle Chipchura (Ott) for Hooking (Minor) at 13:49, Mike Fisher (Car) for Tripping (Minor) at 17:58

3rd period

5. Senators , Phil Kessel 38 (Johnny Oduya, Boone Jenner) at 12:11 (PP)

Penalties :
Mike Fisher (Car) for Hooking (Minor) at 0:44, John-Michael Liles (Ott) for Tripping (Minor) at 3:10, Martin Hanzal (Car) for Holding (Minor) at 11:45

Goalie Stats

Brian Elliott (Car), 19 saves from 23 shots - (0.826), L, 28-16-3, 60:00 minutes
Steve Mason (Ott), 19 saves from 20 shots - (0.950), W, 28-17-6, 60:00 minutes

Players Stats for Hurricanes

Player Name              G  A  P  +/- PIM S  H  SB GA TA FO     MP     PP MP  PK MP  
------------------------------------------------------------------------------------
Brian Flynn              0  0  0  -1  0   1  0  0  1  0  1/5    12:48   0:00   3:28 
Eric Staal               0  1  1   0  0   0  0  0  1  0  5/9    15:57   3:54   0:00 
Fedor Tyutin             0  0  0  -1  0   0  2  2  0  2  0/0    18:01   0:00   3:00 
Jared Spurgeon           0  0  0  -1  0   1  2  0  1  4  0/0    22:06   3:02   3:31 
Jiri Hudler              0  1  1   0  0   2  1  0  1  1  0/1    15:57   3:54   0:00 
Josh Bailey              0  0  0  -1  0   2  0  0  1  0  0/1    16:36   3:58   0:00 
Kris Versteeg            1  0  1   0  0   2  2  0  2  0  0/0    15:57   3:54   0:00 
Marco Scandella          0  0  0   0  4   1  0  0  0  2  0/0    20:13   4:50   0:00 
Marian Gaborik           0  0  0  -1  0   3  1  0  7  0  0/1    16:36   3:58   0:00 
Martin Hanzal            0  0  0   0  2   1  2  0  3  1  4/9    14:38   0:00   3:03 
Matt Read                0  0  0   0  0   0  0  0  2  1  0/1    14:39   0:00   3:03 
Mike Fisher              0  0  0  -1  4   0  4  0  3  1  10/15  16:45   3:58   0:00 
Mike Weaver              0  0  0  -1  0   2  1  1  0  0  0/0    18:01   0:00   3:00 
Mikhail Grabovski        0  0  0   0  0   1  0  0  0  1  0/0    11:14   0:00   0:00 
Peter Harrold            0  0  0  -1  0   0  1  2  0  2  0/0    22:06   3:02   3:31 
Stephen Gionta           0  0  0  -1  0   1  1  0  0  1  0/1    12:48   0:00   3:28 
Thomas Hickey            0  0  0   0  0   2  1  0  0  2  0/0    19:53   4:50   0:00 
Viktor Stalberg          0  0  0  -1  0   1  1  0  0  0  0/0     9:09   0:00   0:00 

Players Stats for Senators

Player Name              G  A  P  +/- PIM S  H  SB GA TA FO     MP     PP MP  PK MP  
------------------------------------------------------------------------------------
Boone Jenner             0  1  1   1  0   2  1  0  0  0  1/1    16:26   3:46   0:26 
Connor Murphy            0  0  0   0  0   0  0  0  1  0  0/0    15:12   0:00   2:11 
Dave Bolland             1  0  1   1  0   2  1  0  0  0  4/7    16:01   0:00   1:30 
Dion Phaneuf             0  0  0   1  4   1  4  2  0  3  0/0    23:00   2:58   1:09 
Jared Cowen              0  0  0   1  0   1  1  1  0  3  0/0    23:21   3:33   4:32 
Jarome Iginla            0  0  0   0  0   1  1  1  3  1  0/2    20:02   2:45   5:38 
John-Michael Liles       0  0  0   0  2   1  0  0  0  2  0/0    13:11   0:00   0:00 
Johnny Oduya             0  1  1   1  0   1  1  0  0  1  0/0    23:21   3:33   4:32 
Jonathan Toews           0  0  0   0  0   6  0  0  7  0  10/17  23:35   2:45   4:34 
Kyle Chipchura           0  1  1   1  2   0  0  1  1  1  0/0    13:23   0:00   0:00 
Kyle Turris              1  1  2   1  0   1  1  0  2  0  5/12   19:01   3:46   1:48 
Loui Eriksson            0  0  0   0  0   0  0  0  0  0  0/0    14:24   2:45   0:00 
Michael Grabner          0  1  1   1  0   1  0  1  7  0  0/0    13:24   0:00   0:00 
Phil Kessel              2  1  3   1  0   4  1  0  5  0  2/2    19:01   3:46   1:48 
Tomas Jurco              0  0  0   0  0   1  0  0  1  0  0/1     6:00   0:00   0:00 
Valeri Nichushkin        0  0  0   0  0   0  0  1  0  0  0/0     6:00   0:00   0:00 
Zach Bogosian            0  1  1   1  0   1  2  3  0  3  0/0    24:34   2:58   3:20 
Zack Kassian             0  0  0   0  0   0  0  0  0  0  1/1     2:08   0:00   0:00 

3 Stars

1 - Phil Kessel (Ott)
2 - Kyle Turris (Ott)
3 - Steve Mason (Ott)

Power Play

Hurricanes - 1 on 4 Attempt(s) - 25.00%
Senators - 2 on 5 Attempt(s) - 40.00%

Penalty Kill

Hurricanes - 3 on 5 Attempt(s) - 60.00% - Score 0 goal in Penalty Kill
Senators - 3 on 4 Attempt(s) - 75.00% - Score 0 goal in Penalty Kill

Team Stat

Hurricanes - Hits : 19 - Faceoff Wins : 20 - Blocked Shots : 5 - Penalty Minutes : 10
Senators - Hits : 13 - Faceoff Wins : 23 - Blocked Shots : 10 - Penalty Minutes : 8

Official

Referees : Unknown
Linesman : Unknown

Game Notes

No Game Note

Finance

Level 1 -- Attendance: 5301 (88.35%) -- Ticket Income $450,585
Level 2 -- Attendance: 4721 (94.42%) -- Ticket Income $245,492
Level 3 -- Attendance: 1753 (87.65%) -- Ticket Income $54,343
Level 4 -- Attendance: 3756 (93.90%) -- Ticket Income $63,852
Luxury Box -- Attendance: 1000 (100.00%) -- Ticket Income $175,000
Game was played at the Scotiabank Place.
Total Attendance: 16531 (91.84%)
Total Ticket Income: $989,272
Other Income: $484,743
Total Income: $1,474,015

Hurricanes

5 vs 5 Forward 
   Center                   Left Wing                Right Wing               Time % Phy DF OF 
 1 Mike Fisher              Josh Bailey              Marian Gaborik           28     0   2  3  
 2 Eric Staal               Kris Versteeg            Jiri Hudler              27     0   2  3  
 3 Martin Hanzal            Mikhail Grabovski        Matt Read                25     0   2  3  
 4 Brian Flynn              Viktor Stalberg          Stephen Gionta           20     0   2  3  

5 vs 5 Defense 
   Defense                  Defense                                           Time % Phy DF OF 
 1 Jared Spurgeon           Peter Harrold                                     35     0   2  3  
 2 Thomas Hickey            Marco Scandella                                   35     0   2  3  
 3 Fedor Tyutin             Mike Weaver                                       30     1   2  2  
 4 Jared Spurgeon           Peter Harrold                                     0      0   2  3  

PowerPlay Forward 
   Center                   Left Wing                Right Wing               Time % Phy DF OF 
 1 Mike Fisher              Josh Bailey              Marian Gaborik           50     0   1  4  
 2 Eric Staal               Kris Versteeg            Jiri Hudler              50     0   1  4  

PowerPlay Defense
   Defense                  Defense                                           Time % Phy DF OF 
 1 Jared Spurgeon           Peter Harrold                                     50     0   1  4  
 2 Thomas Hickey            Marco Scandella                                   50     0   1  4  

Penalty Kill 4 Players Forward 
   Center                   Wing                     Time % Phy DF OF 
 1 Brian Flynn              Stephen Gionta           50     0   4  1  
 2 Martin Hanzal            Matt Read                50     0   4  1  

Penalty Kill 4 Players Defense
   Defense                  Defense                  Time % Phy DF OF 
 1 Fedor Tyutin             Mike Weaver              50     1   4  0  
 2 Jared Spurgeon           Peter Harrold            50     1   4  0  

Penalty Kill - 3 Players Forward 
   Forward                                           Time % Phy DF OF 
 1 Brian Flynn                                       50     0   5  0  
 2 Martin Hanzal                                     50     0   5  0  

Penalty Kill - 3 Players Defense
   Defense                  Defense                  Time % Phy DF OF 
 1 Fedor Tyutin             Mike Weaver              50     1   4  0  
 2 Jared Spurgeon           Peter Harrold            50     1   4  0  

4 vs 4 Forward 
   Center                   Wing                     Time % Phy DF OF 
 1 Mike Fisher              Marian Gaborik           50     0   3  2  
 2 Eric Staal               Jiri Hudler              50     0   3  2  

4 vs 4 Defense
   Defense                  Defense                  Time % Phy DF OF 
 1 Jared Spurgeon           Peter Harrold            50     0   2  3  
 2 Thomas Hickey            Marco Scandella          50     0   2  3  

Last Minutes Offensive
   Center                   Left Wing                Right Wing               Defense                  Defense                  
   Mike Fisher              Jiri Hudler              Marian Gaborik           Jared Spurgeon           Marco Scandella          

Last Minutes Defensive
   Center                   Left Wing                Right Wing               Defense                  Defense                  
   Mike Fisher              Brian Flynn              Stephen Gionta           Fedor Tyutin             Mike Weaver              

Goaltenders
Starting : Brian Elliott            
Backup : John Muse                

Extra Forwards
Normal : Mike Fisher, Jiri Hudler, Marian Gaborik - PP : Marian Gaborik, Jiri Hudler - PK : Brian Flynn
Extra Defensemen
Normal : Jared Spurgeon, Fedor Tyutin, Marco Scandella - PP : Fedor Tyutin - PK : Marco Scandella, Fedor Tyutin
Penalty Shots
Fedor Tyutin, Brian Flynn, Marian Gaborik, Josh Bailey, Jiri Hudler

Senators

5 vs 5 Forward 
   Center                   Left Wing                Right Wing               Time % Phy DF OF 
 1 Jonathan Toews           Loui Eriksson            Jarome Iginla            35     1   2  2  
 2 Kyle Turris              Boone Jenner             Phil Kessel              30     1   2  2  
 3 Dave Bolland             Michael Grabner          Kyle Chipchura           22     1   2  2  
 4 Jonathan Toews           Tomas Jurco              Valeri Nichushkin        13     1   2  2  

5 vs 5 Defense 
   Defense                  Defense                                           Time % Phy DF OF 
 1 Dion Phaneuf             Zach Bogosian                                     35     1   2  2  
 2 Jared Cowen              Johnny Oduya                                      30     1   2  2  
 3 John-Michael Liles       Connor Murphy                                     22     1   2  2  
 4 Dion Phaneuf             Zach Bogosian                                     13     1   2  2  

PowerPlay Forward 
   Center                   Left Wing                Right Wing               Time % Phy DF OF 
 1 Jonathan Toews           Loui Eriksson            Jarome Iginla            60     1   2  2  
 2 Kyle Turris              Boone Jenner             Phil Kessel              40     1   2  2  

PowerPlay Defense
   Defense                  Defense                                           Time % Phy DF OF 
 1 Dion Phaneuf             Zach Bogosian                                     60     1   2  2  
 2 Jared Cowen              Johnny Oduya                                      40     1   2  2  

Penalty Kill 4 Players Forward 
   Center                   Wing                     Time % Phy DF OF 
 1 Jonathan Toews           Jarome Iginla            60     1   2  2  
 2 Kyle Turris              Phil Kessel              40     1   2  2  

Penalty Kill 4 Players Defense
   Defense                  Defense                  Time % Phy DF OF 
 1 Dion Phaneuf             Zach Bogosian            60     1   2  2  
 2 Jared Cowen              Johnny Oduya             40     1   2  2  

Penalty Kill - 3 Players Forward 
   Forward                                           Time % Phy DF OF 
 1 Jonathan Toews                                    60     1   2  2  
 2 Jarome Iginla                                     40     1   2  2  

Penalty Kill - 3 Players Defense
   Defense                  Defense                  Time % Phy DF OF 
 1 Dion Phaneuf             Zach Bogosian            60     1   2  2  
 2 Jared Cowen              Johnny Oduya             40     1   2  2  

4 vs 4 Forward 
   Center                   Wing                     Time % Phy DF OF 
 1 Jonathan Toews           Jarome Iginla            60     1   2  2  
 2 Kyle Turris              Phil Kessel              40     1   2  2  

4 vs 4 Defense
   Defense                  Defense                  Time % Phy DF OF 
 1 Dion Phaneuf             Zach Bogosian            60     1   2  2  
 2 Jared Cowen              Johnny Oduya             40     1   2  2  

Last Minutes Offensive
   Center                   Left Wing                Right Wing               Defense                  Defense                  
   Jonathan Toews           Loui Eriksson            Jarome Iginla            Dion Phaneuf             Zach Bogosian            

Last Minutes Defensive
   Center                   Left Wing                Right Wing               Defense                  Defense                  
   Jonathan Toews           Loui Eriksson            Jarome Iginla            Dion Phaneuf             Zach Bogosian            

Goaltenders
Starting : Steve Mason              
Backup : Jacob Markstrom          

Extra Forwards
Normal : Zack Kassian, Michael Grabner, Dave Bolland - PP : Zack Kassian, Michael Grabner - PK : Dave Bolland
Extra Defensemen
Normal : John-Michael Liles, Connor Murphy, Jared Cowen - PP : John-Michael Liles - PK : Connor Murphy, Jared Cowen
Penalty Shots
Jonathan Toews, Jarome Iginla, Kyle Turris, Phil Kessel, Loui Eriksson

% Time on Ice - Hurricanes

Lines # - Real PCT - Wanted PCT - Time Play
Normal Forward
1 - 28% - 28% - 12:49
2 - 27% - 27% - 12:25
3 - 25% - 25% - 11:14
4 - 20% - 20% - 9:09
Normal Defense
1 - 34% - 35% - 15:39
2 - 34% - 35% - 15:31
3 - 32% - 30% - 14:27
4 - 0% - 0% - 0:00
PP Forward
1 - 50% - 50% - 3:58
2 - 50% - 50% - 3:54
PP Defense
1 - 39% - 50% - 3:02
2 - 61% - 50% - 4:50
PK Forward
1 - 53% - 50% - 3:28
2 - 47% - 50% - 3:03
PK Defense
1 - 46% - 50% - 3:00
2 - 54% - 50% - 3:31
PK3 Forward
1 - 0% - 50%
2 - 0% - 50%
PK3 Defense
1 - 0% - 50%
2 - 0% - 50%
44 Forward
1 - 0% - 50%
2 - 0% - 50%
44 Defense
1 - 0% - 50%
2 - 0% - 50%
Last Minute Offensive  - 0:00
Last Minute Defensive  - 0:00
Total
Forward - 60:00
Defense - 60:00

% Time on Ice - Senators

Lines # - Real PCT - Wanted PCT - Time Play
Normal Forward
1 - 28% - 35% - 12:46
2 - 29% - 30% - 13:27
3 - 29% - 22% - 13:24
4 - 13% - 13% - 6:00
Normal Defense
1 - 34% - 35% - 15:43
2 - 33% - 30% - 15:16
3 - 26% - 22% - 12:05
4 - 6% - 13% - 2:33
PP Forward
1 - 42% - 60% - 2:45
2 - 58% - 40% - 3:46
PP Defense
1 - 46% - 60% - 2:58
2 - 54% - 40% - 3:33
PK Forward
1 - 77% - 60% - 6:04
2 - 23% - 40% - 1:48
PK Defense
1 - 42% - 60% - 3:20
2 - 58% - 40% - 4:32
PK3 Forward
1 - 0% - 60%
2 - 0% - 40%
PK3 Defense
1 - 0% - 60%
2 - 0% - 40%
44 Forward
1 - 0% - 60%
2 - 0% - 40%
44 Defense
1 - 0% - 60%
2 - 0% - 40%
Last Minute Offensive  - 0:00
Last Minute Defensive  - 0:00
Total
Forward - 60:00
Defense - 60:00

Play by Play

1st period


0:01 of 1st period - Jonathan Toews wins face-off versus Mike Fisher in neutral zone.
0:20 of 1st period - Wrist shot by Marian Gaborik.
0:20 of 1st period - Shot Blocked by Dion Phaneuf.
0:22 of 1st period - Slapshot by Jared Spurgeon.
0:22 of 1st period - Stopped by Steve Mason with a rebound.
0:24 of 1st period - Slapshot by Peter Harrold.
0:24 of 1st period - Shot Misses the Net.
0:28 of 1st period - Wrist shot by Mike Fisher.
0:28 of 1st period - Shot Misses the Net.
0:35 of 1st period - Slapshot by Jared Spurgeon.
0:35 of 1st period - Shot Blocked by Zach Bogosian.
0:37 of 1st period - Slapshot by Josh Bailey.
0:37 of 1st period - Stopped by Steve Mason with a rebound.
0:43 of 1st period - Minor Penalty to Dion Phaneuf for Hooking.
0:44 of 1st period - Eric Staal wins face-off versus Jarome Iginla in Senators zone.
0:53 of 1st period - Wrist shot by Kris Versteeg.
0:53 of 1st period - Stopped by Steve Mason with a rebound.
1:50 of 1st period - Jonathan Toews is hit by Mike Fisher and loses puck.
2:43 of 1st period - Penalty to Dion Phaneuf is over, Dion Phaneuf is back on ice.
2:47 of 1st period - Dion Phaneuf is hit by Marian Gaborik and loses puck.
2:58 of 1st period - Martin Hanzal is hit by Zach Bogosian and loses puck.
3:17 of 1st period - Wrist shot by Martin Hanzal.
3:17 of 1st period - Shot Blocked by Zach Bogosian.
3:45 of 1st period - Johnny Oduya is hit by Mike Weaver and loses puck.
4:14 of 1st period - Slapshot by Michael Grabner.
4:14 of 1st period - Deflect By Stephen Gionta.
4:14 of 1st period - Stopped by Brian Elliott with a rebound.
4:16 of 1st period - Slapshot by Dave Bolland.
4:16 of 1st period - Goal by Dave Bolland - Hurricanes : 0 - Senators : 1.
4:17 of 1st period - Jonathan Toews wins face-off versus Eric Staal in neutral zone.
4:36 of 1st period - Wrist shot by Jonathan Toews.
4:36 of 1st period - Stopped by Brian Elliott without a rebound.
4:37 of 1st period - Eric Staal wins face-off versus Jonathan Toews in Hurricanes zone.
5:31 of 1st period - Off-side.
5:32 of 1st period - Mike Fisher wins face-off versus Kyle Turris in neutral zone.
5:43 of 1st period - Slapshot by Marian Gaborik.
5:43 of 1st period - Shot Blocked by Dion Phaneuf.
5:45 of 1st period - Snap shot by Jared Spurgeon.
5:45 of 1st period - Deflect By Marian Gaborik.
5:45 of 1st period - Stopped by Steve Mason without a rebound.
5:46 of 1st period - Mike Fisher wins face-off versus Kyle Turris in Senators zone.
6:14 of 1st period - Mike Fisher is hit by Dion Phaneuf.
7:41 of 1st period - Snap shot by Brian Flynn.
7:41 of 1st period - Shot Misses the Net.
7:43 of 1st period - Snap shot by Brian Flynn.
7:43 of 1st period - Shot Blocked by Jared Cowen.
7:45 of 1st period - Slapshot by Brian Flynn.
7:45 of 1st period - Deflect By Jonathan Toews.
7:45 of 1st period - Stopped by Steve Mason with a rebound.
7:47 of 1st period - Slapshot by Mike Weaver.
7:47 of 1st period - Deflect By Stephen Gionta.
7:47 of 1st period - Shot Misses the Net.
7:47 of 1st period - Puck is out of play.
7:48 of 1st period - Martin Hanzal wins face-off versus Dave Bolland in Senators zone.
7:51 of 1st period - Snap shot by Mikhail Grabovski.
7:51 of 1st period - Shot Misses the Net.
8:06 of 1st period - Wrist shot by Michael Grabner.
8:06 of 1st period - Shot Misses the Net.
8:20 of 1st period - Wrist shot by Dave Bolland.
8:20 of 1st period - Stopped by Brian Elliott without a rebound.
8:21 of 1st period - Kyle Turris wins face-off versus Mike Fisher in Hurricanes zone.
9:14 of 1st period - Zach Bogosian is hit by Kris Versteeg.
9:46 of 1st period - Snap shot by Jonathan Toews.
9:46 of 1st period - Stopped by Brian Elliott without a rebound.
9:47 of 1st period - Jonathan Toews wins face-off versus Matt Read in Hurricanes zone.
9:48 of 1st period - Slapshot by Tomas Jurco.
9:48 of 1st period - Deflect By Matt Read.
9:48 of 1st period - Shot Blocked by Mike Weaver.
9:48 of 1st period - Puck is out of play.
9:49 of 1st period - Jonathan Toews wins face-off versus Martin Hanzal in Hurricanes zone.
10:01 of 1st period - Snap shot by Jared Cowen.
10:01 of 1st period - Stopped by Brian Elliott without a rebound.
10:02 of 1st period - Boone Jenner wins face-off versus Martin Hanzal in Hurricanes zone.
10:24 of 1st period - Wrist shot by Boone Jenner.
10:24 of 1st period - Shot Misses the Net.
10:26 of 1st period - Snap shot by Jared Cowen.
10:26 of 1st period - Deflect By Boone Jenner.
10:26 of 1st period - Shot Misses the Net.
10:26 of 1st period - Puck is out of play.
10:27 of 1st period - Dave Bolland wins face-off versus Brian Flynn in Hurricanes zone.
11:36 of 1st period - Snap shot by Eric Staal.
11:36 of 1st period - Shot Misses the Net.
11:42 of 1st period - Eric Staal is hit by Kyle Turris and loses puck.
12:06 of 1st period - Wrist shot by Jonathan Toews.
12:06 of 1st period - Stopped by Brian Elliott with a rebound.
12:16 of 1st period - Slapshot by Loui Eriksson.
12:16 of 1st period - Shot Blocked by Fedor Tyutin.
12:18 of 1st period - Slapshot by John-Michael Liles.
12:18 of 1st period - Shot Blocked by Fedor Tyutin.
12:32 of 1st period - Wrist shot by Jonathan Toews.
12:32 of 1st period - Stopped by Brian Elliott without a rebound.
12:33 of 1st period - Mike Fisher wins face-off versus Jonathan Toews in Hurricanes zone.
13:25 of 1st period - Johnny Oduya is hit by Martin Hanzal and loses puck.
14:22 of 1st period - Wrist shot by Viktor Stalberg.
14:22 of 1st period - Stopped by Steve Mason with a rebound.
14:30 of 1st period - Brian Flynn is hit by Zach Bogosian and loses puck.
14:49 of 1st period - Connor Murphy is hit by Mike Fisher and loses puck.
15:32 of 1st period - Icing by Dave Bolland.
15:33 of 1st period - Martin Hanzal wins face-off versus Dave Bolland in Senators zone.
16:02 of 1st period - Jared Cowen is hit by Jared Spurgeon.
16:20 of 1st period - Fedor Tyutin is hit by Dion Phaneuf and loses puck.
16:32 of 1st period - Minor Penalty to Dion Phaneuf for Roughing.
16:33 of 1st period - Mike Fisher wins face-off versus Jonathan Toews in Senators zone.
16:51 of 1st period - Wrist shot by Marian Gaborik.
16:51 of 1st period - Shot Blocked by Jarome Iginla.
17:03 of 1st period - Connor Murphy is hit by Mike Fisher and loses puck.
18:25 of 1st period - Snap shot by Marian Gaborik.
18:25 of 1st period - Shot Misses the Net.
18:27 of 1st period - Slapshot by Marco Scandella.
18:27 of 1st period - Shot Misses the Net.
18:29 of 1st period - Slapshot by Josh Bailey.
18:29 of 1st period - Shot Misses the Net.
18:31 of 1st period - Slapshot by Marco Scandella.
18:31 of 1st period - Stopped by Steve Mason with a rebound.
18:32 of 1st period - Penalty to Dion Phaneuf is over, Dion Phaneuf is back on ice.
19:39 of 1st period - Dave Bolland is hit by Fedor Tyutin and loses puck.
Goals for this period are 0 for Hurricanes vs 1 for Senators.
Shots for this period are 7 for Hurricanes vs 8 for Senators.

2nd period


0:01 of 2nd period - Jonathan Toews wins face-off versus Mike Fisher in neutral zone.
0:27 of 2nd period - Wrist shot by Jonathan Toews.
0:27 of 2nd period - Stopped by Brian Elliott with a rebound.
1:00 of 2nd period - Minor Penalty to Marco Scandella for Hooking.
1:01 of 2nd period - Kyle Turris wins face-off versus Stephen Gionta in Hurricanes zone.
1:49 of 2nd period - Martin Hanzal is hit by Jared Cowen and loses puck.
2:26 of 2nd period - Zach Bogosian is hit by Fedor Tyutin and loses puck.
3:00 of 2nd period - Penalty to Marco Scandella is over, Marco Scandella is back on ice.
3:30 of 2nd period - Backhand shot by Marian Gaborik.
3:30 of 2nd period - Shot Blocked by Kyle Chipchura.
3:32 of 2nd period - Slapshot by Marian Gaborik.
3:32 of 2nd period - Shot Misses the Net.
3:34 of 2nd period - Wrist shot by Thomas Hickey.
3:34 of 2nd period - Stopped by Steve Mason without a rebound.
3:35 of 2nd period - Dave Bolland wins face-off versus Eric Staal in Senators zone.
4:44 of 2nd period - Snap shot by Brian Flynn.
4:44 of 2nd period - Shot Misses the Net.
4:50 of 2nd period - Wrist shot by Jared Spurgeon.
4:50 of 2nd period - Deflect By Viktor Stalberg.
4:50 of 2nd period - Shot Blocked by Michael Grabner.
4:50 of 2nd period - Puck is out of play.
4:51 of 2nd period - Mike Fisher wins face-off versus Kyle Turris in Senators zone.
4:54 of 2nd period - Slapshot by Marian Gaborik.
4:54 of 2nd period - Stopped by Steve Mason without a rebound.
4:55 of 2nd period - Mike Fisher wins face-off versus Kyle Turris in Senators zone.
5:28 of 2nd period - Wrist shot by Kyle Turris.
5:28 of 2nd period - Deflect By Phil Kessel.
5:28 of 2nd period - Stopped by Brian Elliott with a rebound.
5:30 of 2nd period - Snap shot by Boone Jenner.
5:30 of 2nd period - Shot Misses the Net.
5:43 of 2nd period - Off-side.
5:44 of 2nd period - Jonathan Toews wins face-off versus Jiri Hudler in neutral zone.
6:03 of 2nd period - Dion Phaneuf is hit by Kris Versteeg and loses puck.
6:38 of 2nd period - Mikhail Grabovski is hit by Dion Phaneuf and loses puck.
6:47 of 2nd period - Snap shot by Martin Hanzal.
6:47 of 2nd period - Stopped by Steve Mason with a rebound.
7:22 of 2nd period - Minor Penalty to Marco Scandella for Interference.
7:23 of 2nd period - Jonathan Toews wins face-off versus Brian Flynn in Hurricanes zone.
7:35 of 2nd period - Snap shot by Brian Flynn.
7:35 of 2nd period - Shot Misses the Net.
7:37 of 2nd period - Snap shot by Stephen Gionta.
7:37 of 2nd period - Stopped by Steve Mason with a rebound.
7:39 of 2nd period - Slapshot by Mike Weaver.
7:39 of 2nd period - Stopped by Steve Mason with a rebound.
7:41 of 2nd period - Snap shot by Stephen Gionta.
7:41 of 2nd period - Shot Misses the Net.
7:43 of 2nd period - Snap shot by Brian Flynn.
7:43 of 2nd period - Shot Misses the Net.
7:45 of 2nd period - Wrist shot by Mike Weaver.
7:45 of 2nd period - Stopped by Steve Mason without a rebound.
7:46 of 2nd period - Kyle Turris wins face-off versus Brian Flynn in Senators zone.
8:13 of 2nd period - Snap shot by Phil Kessel.
8:13 of 2nd period - Shot Misses the Net.
8:15 of 2nd period - Wrist shot by Kyle Turris.
8:15 of 2nd period - Shot Misses the Net.
8:17 of 2nd period - Wrist shot by Boone Jenner.
8:17 of 2nd period - Shot Blocked by Peter Harrold.
9:19 of 2nd period - Fedor Tyutin is hit by Jarome Iginla and loses puck.
9:22 of 2nd period - Penalty to Marco Scandella is over, Marco Scandella is back on ice.
11:02 of 2nd period - Snap shot by Eric Staal.
11:02 of 2nd period - Shot Misses the Net.
11:24 of 2nd period - John-Michael Liles is hit by Viktor Stalberg and loses puck.
12:20 of 2nd period - Snap shot by Jarome Iginla.
12:20 of 2nd period - Stopped by Brian Elliott without a rebound.
12:21 of 2nd period - Zack Kassian wins face-off versus Josh Bailey in Hurricanes zone.
13:14 of 2nd period - Snap shot by Phil Kessel.
13:14 of 2nd period - Shot Misses the Net.
13:16 of 2nd period - Wrist shot by Boone Jenner.
13:16 of 2nd period - Shot Misses the Net.
13:18 of 2nd period - Snap shot by John-Michael Liles.
13:18 of 2nd period - Stopped by Brian Elliott without a rebound.
13:19 of 2nd period - Dave Bolland wins face-off versus Eric Staal in Hurricanes zone.
13:49 of 2nd period - Minor Penalty to Kyle Chipchura for Hooking.
13:50 of 2nd period - Mike Fisher wins face-off versus Jonathan Toews in Senators zone.
14:36 of 2nd period - Johnny Oduya is hit by Jiri Hudler and loses puck.
15:01 of 2nd period - Johnny Oduya is hit by Peter Harrold and loses puck.
15:42 of 2nd period - Snap shot by Jiri Hudler.
15:42 of 2nd period - Shot Misses the Net.
15:44 of 2nd period - Slapshot by Kris Versteeg.
15:44 of 2nd period - Goal by Kris Versteeg - Hurricanes : 1 - Senators : 1.
15:45 of 2nd period - Martin Hanzal wins face-off versus Kyle Turris in neutral zone.
16:00 of 2nd period - Wrist shot by Boone Jenner.
16:00 of 2nd period - Stopped by Brian Elliott with a rebound.
16:02 of 2nd period - Wrist shot by Kyle Turris.
16:02 of 2nd period - Shot Misses the Net.
16:37 of 2nd period - Wrist shot by Viktor Stalberg.
16:37 of 2nd period - Shot Blocked by Zach Bogosian.
16:43 of 2nd period - Stephen Gionta is hit by Boone Jenner and loses puck.
17:41 of 2nd period - Snap shot by Tomas Jurco.
17:41 of 2nd period - Stopped by Brian Elliott with a rebound.
17:43 of 2nd period - Snap shot by Jonathan Toews.
17:43 of 2nd period - Shot Misses the Net.
17:45 of 2nd period - Slapshot by Johnny Oduya.
17:45 of 2nd period - Deflect By Jared Spurgeon.
17:45 of 2nd period - Stopped by Brian Elliott without a rebound.
17:46 of 2nd period - Mike Fisher wins face-off versus Tomas Jurco in Hurricanes zone.
17:51 of 2nd period - Snap shot by Marian Gaborik.
17:51 of 2nd period - Shot Misses the Net.
17:53 of 2nd period - Slapshot by Marco Scandella.
17:53 of 2nd period - Shot Misses the Net.
17:55 of 2nd period - Snap shot by Josh Bailey.
17:55 of 2nd period - Stopped by Steve Mason with a rebound.
17:57 of 2nd period - Slapshot by Thomas Hickey.
17:57 of 2nd period - Stopped by Steve Mason with a rebound.
17:58 of 2nd period - Minor Penalty to Mike Fisher for Tripping.
17:59 of 2nd period - Kyle Turris wins face-off versus Martin Hanzal in Hurricanes zone.
18:06 of 2nd period - Snap shot by Kyle Turris.
18:06 of 2nd period - Goal by Kyle Turris - Hurricanes : 1 - Senators : 2.
18:07 of 2nd period - Mike Fisher wins face-off versus Kyle Turris in neutral zone.
18:16 of 2nd period - Wrist shot by Kyle Turris.
18:16 of 2nd period - Shot Misses the Net.
18:18 of 2nd period - Slapshot by Zach Bogosian.
18:18 of 2nd period - Deflect By Phil Kessel.
18:18 of 2nd period - Goal by Phil Kessel - Hurricanes : 1 - Senators : 3.
18:19 of 2nd period - Phil Kessel wins face-off versus Mike Fisher in neutral zone.
18:46 of 2nd period - Wrist shot by Phil Kessel.
18:46 of 2nd period - Deflect By Mike Fisher.
18:46 of 2nd period - Stopped by Brian Elliott with a rebound.
18:48 of 2nd period - Snap shot by Dion Phaneuf.
18:48 of 2nd period - Deflect By Mike Fisher.
18:48 of 2nd period - Stopped by Brian Elliott with a rebound.
18:50 of 2nd period - Slapshot by Zach Bogosian.
18:50 of 2nd period - Stopped by Brian Elliott without a rebound.
18:51 of 2nd period - Eric Staal wins face-off versus Jonathan Toews in Hurricanes zone.
Goals for this period are 1 for Hurricanes vs 2 for Senators.
Shots for this period are 9 for Hurricanes vs 12 for Senators.

3rd period


0:01 of 3rd period - Mike Fisher wins face-off versus Jarome Iginla in neutral zone.
0:44 of 3rd period - Minor Penalty to Mike Fisher for Hooking.
0:45 of 3rd period - Phil Kessel wins face-off versus Martin Hanzal in Hurricanes zone.
2:44 of 3rd period - Penalty to Mike Fisher is over, Mike Fisher is back on ice.
3:01 of 3rd period - Wrist shot by Jiri Hudler.
3:01 of 3rd period - Stopped by Steve Mason without a rebound.
3:02 of 3rd period - Eric Staal wins face-off versus Dave Bolland in Senators zone.
3:10 of 3rd period - Minor Penalty to John-Michael Liles for Tripping.
3:11 of 3rd period - Jonathan Toews wins face-off versus Marian Gaborik in Senators zone.
5:10 of 3rd period - Penalty to John-Michael Liles is over, John-Michael Liles is back on ice.
5:16 of 3rd period - Kris Versteeg is hit by Dion Phaneuf and loses puck.
6:07 of 3rd period - Wrist shot by Martin Hanzal.
6:07 of 3rd period - Shot Misses the Net.
7:44 of 3rd period - Peter Harrold is hit by Dave Bolland and loses puck.
7:53 of 3rd period - Snap shot by Dave Bolland.
7:53 of 3rd period - Shot Blocked by Peter Harrold.
8:03 of 3rd period - Kyle Chipchura is hit by Martin Hanzal and loses puck.
8:53 of 3rd period - Wrist shot by Jonathan Toews.
8:53 of 3rd period - Stopped by Brian Elliott without a rebound.
8:54 of 3rd period - Brian Flynn wins face-off versus Jonathan Toews in Hurricanes zone.
9:46 of 3rd period - Wrist shot by Matt Read.
9:46 of 3rd period - Shot Blocked by Valeri Nichushkin.
9:50 of 3rd period - Slapshot by Mikhail Grabovski.
9:50 of 3rd period - Stopped by Steve Mason with a rebound.
9:52 of 3rd period - Slapshot by Martin Hanzal.
9:52 of 3rd period - Shot Misses the Net.
9:59 of 3rd period - Icing by Tomas Jurco.
10:00 of 3rd period - Jonathan Toews wins face-off versus Eric Staal in Senators zone.
10:29 of 3rd period - Boone Jenner is hit by Jared Spurgeon.
11:08 of 3rd period - Mike Fisher is hit by Johnny Oduya and loses puck.
11:31 of 3rd period - Zack Kassian is hit by Thomas Hickey and loses puck.
11:45 of 3rd period - Minor Penalty to Martin Hanzal for Holding.
11:46 of 3rd period - Kyle Turris wins face-off versus Brian Flynn in Hurricanes zone.
12:07 of 3rd period - Snap shot by Boone Jenner.
12:07 of 3rd period - Shot Misses the Net.
12:09 of 3rd period - Wrist shot by Johnny Oduya.
12:09 of 3rd period - Shot Misses the Net.
12:11 of 3rd period - Wrist shot by Phil Kessel.
12:11 of 3rd period - Goal by Phil Kessel - Hurricanes : 1 - Senators : 4.
12:12 of 3rd period - Eric Staal wins face-off versus Jonathan Toews in neutral zone.
12:34 of 3rd period - Snap shot by Eric Staal.
12:34 of 3rd period - Deflect By Jiri Hudler.
12:34 of 3rd period - Stopped by Steve Mason without a rebound.
12:35 of 3rd period - Martin Hanzal wins face-off versus Kyle Turris in Senators zone.
12:54 of 3rd period - Wrist shot by Kyle Turris.
12:54 of 3rd period - Shot Misses the Net.
12:56 of 3rd period - Slapshot by Johnny Oduya.
12:56 of 3rd period - Deflect By Phil Kessel.
12:56 of 3rd period - Shot Misses the Net.
12:56 of 3rd period - Puck is out of play.
12:57 of 3rd period - Dave Bolland wins face-off versus Mike Fisher in Hurricanes zone.
13:30 of 3rd period - Wrist shot by Marian Gaborik.
13:30 of 3rd period - Stopped by Steve Mason with a rebound.
14:04 of 3rd period - Slapshot by Boone Jenner.
14:04 of 3rd period - Stopped by Brian Elliott without a rebound.
14:05 of 3rd period - Jonathan Toews wins face-off versus Martin Hanzal in Hurricanes zone.
15:00 of 3rd period - Boone Jenner is hit by Stephen Gionta and loses puck.
15:12 of 3rd period - Brian Flynn is hit by Phil Kessel and loses puck.
18:50 of 3rd period - Dion Phaneuf is hit by Mike Fisher and loses puck.
19:59 of 3rd period - Snap shot by Dave Bolland.
19:59 of 3rd period - Shot Misses the Net.
Goals for this period are 0 for Hurricanes vs 1 for Senators.
Shots for this period are 4 for Hurricanes vs 3 for Senators.